 Dungeon Crawl Stone Soup version 0.25.0-9-g26727b657a (webtiles) character file.

Game seed: 11986194842625491657

2 vurker the Vexing (level 1, -1/17 HPs)
             Began as a Gnoll Arcane Marksman on June 19, 2020.
             Slain by a hobgoblin (5 damage)
             ... on level 1 of the Dungeon.
             The game lasted 00:00:25 (125 turns).

vurker the Vexing (Gnoll Arcane Marksman)            Turns: 125, Time: 00:00:25

Health: -1/17      AC:  2    Str: 12    XL:     1   Next: 40%
Magic:  4/4        EV: 14    Int: 15    God:
Gold:   22         SH:  0    Dex: 15    Spells: 4/5 levels left

rFire    . . .     SeeInvis .   b - +0 dagger
rCold    . . .     Gourm    .   (no shield)
rNeg     . . .     Faith    .   a - +0 robe
rPois    .         Spirit   .   (no helmet)
rElec    .         Reflect  .   (no cloak)
rCorr    .         Harm     .   (no gloves)
MR       .....                  (no boots)
Stlth    +.........             (no amulet)
HPRegen  0.05/turn              (no ring)
MPRegen  0.09/turn              (no ring)

@: no status effects
A: distributed training, fangs 1, strong nose
a: no special abilities


You were on level 1 of the Dungeon.
You were not hungry.

You visited 1 branch of the dungeon, and saw 1 of its levels.

You collected 22 gold pieces.

Inventory:

Hand Weapons
 b - a +0 dagger (weapon)
   (You took it off a goblin on level 1 of the Dungeon)
Missiles
 c - 5 javelins (quivered)
 d - 2 throwing nets
Armour
 a - a +0 robe (worn)
Comestibles
 e - a ration
 f - a chunk of flesh


   Skills:
 + Level 2.3 Fighting
 + Level 0.0 Short Blades
 + Level 0.0 Long Blades
 + Level 0.0 Axes
 + Level 0.0 Maces & Flails
 + Level 0.0 Polearms
 + Level 0.0 Staves
 + Level 0.0 Slings
 + Level 0.0 Bows
 + Level 0.0 Crossbows
 + Level 4.4 Throwing
 + Level 0.0 Armour
 + Level 4.4 Dodging
 + Level 0.0 Stealth
 + Level 0.0 Shields
 + Level 0.0 Unarmed Combat
 + Level 2.6 Spellcasting
 + Level 0.0 Conjurations
 + Level 5.3 Hexes
 + Level 0.0 Charms
 + Level 0.0 Summonings
 + Level 0.0 Necromancy
 + Level 0.0 Translocations
 + Level 0.0 Transmutations
 + Level 0.0 Fire Magic
 + Level 0.0 Ice Magic
 + Level 0.0 Air Magic
 + Level 0.0 Earth Magic
 + Level 0.0 Poison Magic
 + Level 0.1 Invocations
 + Level 0.0 Evocations


You had 4 spell levels left.
You knew the following spells:

 Your Spells              Type           Power        Failure   Level  Hunger
a - Corona                Hex            ###....      2%          1    #......

Your spell library contained the following spells:

 Spells                   Type           Power        Failure   Level  Hunger
 Slow                     Hex            ###.....     3%          2    ###....
 Inner Flame              Hex/Fire       ##......     21%         3    ###....
 Portal Projectile        Hex/Tloc       ##....       21%         3    ###....
 Cause Fear               Hex            ###.......   22%         4    #####..
 Leda's Liquefaction      Hex/Erth       ##........   56%         4    #####..


Dungeon Overview and Level Annotations

Branches:
Dungeon (1/15)

Altars:


Innate Abilities, Weirdness & Mutations

Your experience applies equally to all skills.
You have very sharp teeth.
Your uncanny sense of smell can sniff out nearby items.


Message History

No target in view!
Unknown command.
You see here a +0 dagger.
b - a +0 dagger
b - a +0 dagger (weapon)
A rat comes into view.
A rat is nearby!
A rat is nearby!
A rat comes into view.
The helpless rat fails to defend itself.
You hit the rat.
You kill the rat!
No target in view!
No target in view!
The rat is too close now for your liking.
A rat is nearby!
The rat misses you.
You completely miss the rat. You bite the rat. The rat barely misses you.
You closely miss the rat. Your bite misses the rat. The rat barely misses you.
You hit the rat but do no damage. Your bite misses the rat.
The rat closely misses you.
You closely miss the rat. You bite the rat. The rat barely misses you.
You closely miss the rat. You bite the rat, but do no damage.
The rat bites you but does no damage.
You barely miss the rat. The rat closely misses you.
You closely miss the rat. The rat closely misses you.
A rat is nearby!
You barely miss the rat. You bite the rat.
You kill the rat!
No target in view!
You butcher the rat corpse.
f - a chunk of flesh You see here a rat skeleton. x2
A hobgoblin comes into view.
A hobgoblin is nearby!
A hobgoblin is nearby!
The hobgoblin hits you.
You closely miss the hobgoblin. The hobgoblin closely misses you.
You hit the hobgoblin but do no damage. The hobgoblin hits you.
You closely miss the hobgoblin.
You bite the hobgoblin, but do no damage.
The hobgoblin hits you but does no damage.
You closely miss the hobgoblin. You bite the hobgoblin. The hobgoblin hits you.
* * * LOW HITPOINT WARNING * * *
You hit the hobgoblin but do no damage. The hobgoblin hits you.
* * * LOW HITPOINT WARNING * * *
You barely miss the hobgoblin. You bite the hobgoblin.
The hobgoblin barely misses you.
You hit the hobgoblin. The hobgoblin hits you.
You die...

#........#####..#
#....##..##......
#.##........##..#
#.#####.........#
#............#.##
#.######.......#
#.# ###.######
####.# #.# #
#.g@.# #.# #
#.#### #+# # # #
# # ∆ ## +. ##


You could see a hobgoblin.

Vanquished Creatures
  A goblin (D:1)
  2 rats (D:1)
3 creatures vanquished.

Notes
Turn   | Place    | Note
-------+----------+-------------------------------------------
     0 | D:1      | vurker the Gnoll Arcane Marksman began the quest for the
                  | Orb.
     0 | D:1      | Reached XP level 1. HP: 17/17 MP: 4/4
     1 | D:1      | Noticed a minotaur skeleton
    12 | D:1      | Noticed a minotaur skeleton
    14 | D:1      | Noticed a human
    16 | D:1      | Noticed a minotaur
    19 | D:1      | Noticed a centaur
   125 | D:1      | Slain by a hobgoblin

Illustrated notes

Levels and vault maps discovered:
D:1:      shiori_arrival_whats_in_store_for_you, layout_loops_corners

Action                   || total
-------------------------++-------
Melee: Dagger            ||    16
       Unarmed           ||     9
       Bite              ||     7
 Stab: Sleeping          ||     1
Armor: Robe              ||     3
Dodge: Dodged            ||    16
